 Dungeon Sprint DCSS version 0.22-a0-93-g6b88ebb (webtiles) character file.

2300000 Rottenbandages the Conqueror (level 23, -13/219 HPs)
             Began as a Formicid Transmuter on Jan 24, 2018.
             Was the Champion of Makhleb.
             Mangled by a large bag of meat
             ... wielding a +9 giant spiked club
              (118 damage)
             ... in the Dungeon (Sprint VIII: "Arena of Blood").
             The game lasted 00:00:44 (23 turns).

Rottenbandages the Conqueror (Formicid Transmuter)    Turns: 23, Time: 00:00:45

Health: -13/219    AC:  4    Str: 18    XL:     23   Next: 62%
Magic:  9/54       EV: 34    Int: 13    God:    Makhleb [******]
Gold:   0          SH:  0    Dex: 18    Spells: 75/76 levels left

rFire    . . .     SeeInvis +   k - +∞ Axe of Woe
rCold    . . .     Gourm    .   (no shield)
rNeg     . . .     Faith    .   b - +0 robe
rPois    .         Spirit   .   (helmet unavailable)
rElec    .         Reflect  .   (no cloak)
rCorr    .         Harm     .   (no gloves)
MR       ++...                  (no boots)
Stlth    ++++++++..             (no amulet)
HPRegen  0.46/turn              (no ring)
MPRegen  0.34/turn              (no ring)

@: no status effects
A: permanent stasis, dig shafts and tunnels, four strong arms, antennae 3
a: Dig, Minor Destruction, Lesser Servant of Makhleb, Major Destruction, Greater
Servant of Makhleb, Renounce Religion


You were in the Dungeon.
You worshipped Makhleb.
Makhleb was exalted by your worship.
You were not hungry.

You visited 1 branch


Innate Abilities, Weirdness & Mutations

You cannot be hasted, slowed, berserked, paralysed or teleported.
You can dig through walls and to a lower floor.
Your four strong arms can wield two-handed weapons with a shield.
You have a pair of large antennae on your head. (SInv)


   Skills:
 O Level 27 Fighting
 O Level 27 Axes
 O Level 27 Throwing
 O Level 27 Armour
 O Level 27 Dodging
 + Level 21.9 Stealth
 O Level 27 Unarmed Combat
 O Level 27 Spellcasting
 O Level 27 Transmutations
 + Level 20.4 Invocations


You had 75 spell levels left.
You knew the following spells:

 Your Spells              Type           Power        Failure   Level  Hunger
y - Beastly Appendage     Tmut           ######       0%          1    None

Inventory:

Hand Weapons
 k - the +∞ Axe of Woe (weapon)
Missiles
 a - 12 arrows
Armour
 b - a +0 robe (worn)
Scrolls
 j - a scroll of blinking
Potions
 e - a potion of curing
 f - a potion of heal wounds
 g - a potion of haste
 h - 2 potions of magic
 i - a potion of berserk rage
Books
 c - a book of Changes

   Spells                             Type                      Level
   a - Beastly Appendage              Transmutation                1
   b - Sticks to Snakes               Transmutation                2
   c - Spider Form                    Transmutation/Poison         3
   d - Ice Form                       Ice/Transmutation            4
   e - Blade Hands                    Transmutation                5
Comestibles
 d - a ration

Dungeon Overview and Level Annotations

Branches:
Dungeon (1/1)

Altars:
Makhleb

...▒▒▒))))...▒▒▒..
.....▒).)....▒....
.....▒)))....▒...
..........V......
..O..............
........o)......▒
.......)o#....▒▒.
....▒..#V....▒...
.......#aO...▒ ..
...▒▒.▒..O.......
.. .......o.....
▒....▒.....▒▒▒
..............
................
▒▒.......=......
▒▒▒▒▒▒▒▒▒▒▒▒▒▒▒


You could see 2 destroyers, 2 large bags of meat, a meat berserker (berserk) and
3 bags of meat.


Message History

The fiery explosion engulfs you!!!
The fiery explosion engulfs the destroyer!
The fiery explosion engulfs the bag of meat!
Makhleb roars: ANNIHILATED!
You have mastered Axes!!!
You have mastered Throwing!!!
You need to enable at least one skill for training!
Your Stealth skill gained 15 levels and is now at level 15!!!
Your Invocations skill gained 14 levels and is now at level 14!!!
You have reached level 23!!!
You slice the bag of meat like a ripe choko!!!
You hew the bag of meat savagely!
You annihilate the bag of meat!!!
Makhleb roars: ANNIHILATED!
Your Stealth skill gained 4 levels and is now at level 19!!!
Your Invocations skill gained 3 levels and is now at level 17!!!
You chop the bag of meat into pieces!!!
You pulverise the bag of meat into a thin bloody mist!
You annihilate the bag of meat!!!
Makhleb roars: ANNIHILATED!
Your Stealth skill gained 2 levels and is now at level 21!!!
Your Invocations skill gained 3 levels and is now at level 20!!!
You are engulfed in blazing flames! * * * don't die
* * * You hear a shout!!! x6
You take 25 damage, and have 104/219 hp!
Unknown command!
You hear a shout!!!
The large bag of meat hits you with a +9 giant spiked club!!!!!!!!!!!!
DANG rip

Action                   |  1- 3 |  4- 6 |  7- 9 | 10-12 | 13-15 | 16-18 | 19-21 | 22-24 || total
-------------------------+-------+-------+-------+-------+-------+-------+-------+-------++-------
Melee: Executioner's axe |     1 |       |       |       |     2 |     2 |     2 |     2 ||     9
 Abil: Dig               |     1 |       |       |       |       |       |       |       ||     1
Dodge: Dodged            |     1 |       |       |       |       |     2 |     2 |     1 ||     6

Vault maps used:
D:        meatsprint

Notes
Turn   | Place    | Note
-------+----------+-------------------------------------------
     0 | D        | Found the +∞ Axe of Woe
     0 | D        | Rottenbandages the Formicid Transmuter began the quest for the Orb.
     0 | D        | Reached XP level 1. HP: 15/15 MP: 3/3
     3 | D        | Noticed a bag of meat
     4 | D        | Noticed a bag of meat
     4 | D        | Noticed a bag of meat
     4 | D        | Became a worshipper of Makhleb the Destroyer
     5 | D        | Noticed a meat berserker
     7 | D        | Noticed a bag of meat
     7 | D        | Killed a bag of meat
     7 | D        | Reached skill level 14 in Fighting
     7 | D        | Reached skill level 12 in Dodging
     7 | D        | Reached skill level 13 in Unarmed Combat
     7 | D        | Reached skill level 13 in Spellcasting
     7 | D        | Reached skill level 14 in Transmutations
     7 | D        | Reached XP level 2. HP: 42/42 MP: 3/16
     7 | D        | Reached XP level 3. HP: 48/48 MP: 3/17
     7 | D        | Reached XP level 4. HP: 55/55 MP: 3/19
     7 | D        | Reached XP level 5. HP: 61/61 MP: 3/20
     7 | D        | Reached XP level 6. HP: 68/68 MP: 3/22
     7 | D        | Reached XP level 7. HP: 74/74 MP: 3/23
     7 | D        | Reached XP level 8. HP: 81/81 MP: 3/25
     7 | D        | Reached XP level 9. HP: 87/87 MP: 3/26
     7 | D        | Reached XP level 10. HP: 94/94 MP: 3/27
     7 | D        | Reached XP level 11. HP: 100/100 MP: 3/28
     7 | D        | Reached XP level 12. HP: 107/107 MP: 3/29
     7 | D        | Killed a bag of meat
     7 | D        | Reached * piety under Makhleb
     7 | D        | Reached skill level 16 in Fighting
     7 | D        | Reached skill level 14 in Dodging
     7 | D        | Reached skill level 15 in Unarmed Combat
     7 | D        | Reached skill level 15 in Spellcasting
     7 | D        | Reached skill level 16 in Transmutations
     7 | D        | Reached XP level 13. HP: 119/119 MP: 3/32
     8 | D        | Noticed a bag of meat
     8 | D        | Noticed a bag of meat
     8 | D        | Noticed a bag of meat
     8 | D        | Noticed a bag of meat
     9 | D        | Noticed a meat berserker
     9 | D        | Noticed a bag of meat
     9 | D        | Noticed a bag of meat
     9 | D        | Noticed a bag of meat
     9 | D        | Noticed a meat berserker
     9 | D        | Noticed a meat berserker
     9 | D        | Killed a meat berserker
     9 | D        | Reached skill level 18 in Fighting
     9 | D        | Reached skill level 16 in Dodging
     9 | D        | Reached skill level 17 in Unarmed Combat
     9 | D        | Reached skill level 17 in Spellcasting
     9 | D        | Reached skill level 19 in Transmutations
     9 | D        | Reached XP level 14. HP: 92/131 MP: 3/35
     9 | D        | Reached XP level 15. HP: 97/138 MP: 3/36
     9 | D        | Reached skill level 19 in Fighting
     9 | D        | Reached skill level 17 in Dodging
     9 | D        | Reached skill level 18 in Unarmed Combat
     9 | D        | Reached skill level 18 in Spellcasting
    10 | D        | Killed a meat berserker
    10 | D        | Reached ** piety under Makhleb
    10 | D        | Reached skill level 21 in Fighting
    10 | D        | Reached skill level 18 in Dodging
    10 | D        | Reached skill level 20 in Unarmed Combat
    10 | D        | Reached skill level 20 in Spellcasting
    10 | D        | Reached skill level 21 in Transmutations
    10 | D        | Reached XP level 16. HP: 152/152 MP: 4/40
    11 | D        | Noticed a meat berserker
    11 | D        | Noticed a meat berserker
    11 | D        | Killed a meat berserker
    11 | D        | Reached skill level 23 in Fighting
    11 | D        | Reached skill level 20 in Dodging
    11 | D        | Reached skill level 21 in Unarmed Combat
    11 | D        | Reached skill level 21 in Spellcasting
    11 | D        | Reached skill level 23 in Transmutations
    11 | D        | Reached XP level 17. HP: 126/163 MP: 4/42
    11 | D        | Reached skill level 22 in Unarmed Combat
    11 | D        | Reached skill level 22 in Spellcasting
    11 | D        | Reached *** piety under Makhleb
    11 | D        | Reached skill level 24 in Fighting
    11 | D        | Reached skill level 21 in Dodging
    11 | D        | Reached skill level 24 in Transmutations
    11 | D        | Reached XP level 18. HP: 175/175 MP: 4/44
    12 | D        | Noticed a meat berserker
    12 | D        | Killed a meat berserker
    12 | D        | Reached skill level 25 in Fighting
    12 | D        | Reached skill level 22 in Dodging
    12 | D        | Reached skill level 24 in Unarmed Combat
    12 | D        | Reached skill level 24 in Spellcasting
    12 | D        | Reached skill level 25 in Transmutations
    12 | D        | Reached skill level 26 in Fighting
    12 | D        | Reached skill level 26 in Transmutations
    12 | D        | Reached **** piety under Makhleb
    12 | D        | Reached skill level 23 in Dodging
    12 | D        | Reached skill level 25 in Unarmed Combat
    12 | D        | Reached skill level 25 in Spellcasting
    12 | D        | Reached XP level 19. HP: 188/188 MP: 5/48
    12 | D        | Reached skill level 27 in Fighting
    12 | D        | Reached skill level 24 in Dodging
    12 | D        | Reached skill level 27 in Transmutations
    12 | D        | Reached skill level 26 in Unarmed Combat
    12 | D        | Reached skill level 26 in Spellcasting
    13 | D        | Killed a meat berserker
    13 | D        | Reached skill level 27 in Dodging
    13 | D        | Reached skill level 27 in Unarmed Combat
    13 | D        | Reached skill level 27 in Spellcasting
    13 | D        | Reached skill level 6 in Axes
    13 | D        | Reached skill level 6 in Throwing
    13 | D        | Reached skill level 7 in Armour
    13 | D        | Reached XP level 20. HP: 133/197 MP: 5/51
    13 | D        | Reached ***** piety under Makhleb
    13 | D        | Reached skill level 10 in Axes
    13 | D        | Reached skill level 10 in Throwing
    13 | D        | Reached skill level 11 in Armour
    13 | D        | Reached skill level 13 in Axes
    13 | D        | Reached skill level 13 in Throwing
    13 | D        | Reached skill level 14 in Armour
    13 | D        | Reached skill level 15 in Axes
    13 | D        | Reached skill level 15 in Throwing
    13 | D        | Reached skill level 16 in Armour
    13 | D        | Reached XP level 21. HP: 138/204 MP: 5/52
    13 | D        | Killed a meat berserker
    13 | D        | Reached skill level 18 in Axes
    13 | D        | Reached skill level 18 in Throwing
    13 | D        | Reached skill level 20 in Armour
    14 | D        | Killed a meat berserker
    14 | D        | Reached skill level 21 in Axes
    14 | D        | Reached skill level 21 in Throwing
    14 | D        | Reached skill level 22 in Armour
    14 | D        | Reached skill level 22 in Axes
    14 | D        | Reached skill level 22 in Throwing
    14 | D        | Reached skill level 23 in Armour
    14 | D        | Reached XP level 22. HP: 212/212 MP: 6/53
    17 | D        | Noticed a large bag of meat
    17 | D        | Noticed a destroyer
    17 | D        | Noticed a meat berserker
    18 | D        | Noticed a large bag of meat
    19 | D        | Noticed a meat berserker
    19 | D        | Noticed a destroyer
    19 | D        | Noticed a destroyer
    20 | D        | Reached skill level 23 in Axes
    20 | D        | Reached skill level 23 in Throwing
    20 | D        | Reached skill level 24 in Armour
    20 | D        | Reached ****** piety under Makhleb
    20 | D        | Reached skill level 24 in Axes
    20 | D        | Reached skill level 24 in Throwing
    20 | D        | Reached skill level 25 in Armour
    20 | D        | Killed a meat berserker
    20 | D        | Reached skill level 26 in Axes
    20 | D        | Reached skill level 26 in Throwing
    20 | D        | Reached skill level 27 in Armour
    22 | D        | Noticed a large bag of meat
    22 | D        | Killed a large bag of meat
    22 | D        | Reached skill level 27 in Axes
    22 | D        | Reached skill level 27 in Throwing
    22 | D        | Reached skill level 15 in Stealth
    22 | D        | Reached skill level 14 in Invocations
    22 | D        | Reached XP level 23. HP: 118/219 MP: 9/54
    22 | D        | Reached skill level 19 in Stealth
    22 | D        | Reached skill level 17 in Invocations
    22 | D        | Reached skill level 21 in Stealth
    22 | D        | Reached skill level 20 in Invocations
    23 | D        | Mangled by a large bag of meat

Vanquished Creatures
  8 ogres (D)
  A two-headed ogre (D)
  17 orcs (D)
26 creatures vanquished.
